 Dungeon Crawl Stone Soup version 0.18-a0-1041-gbe91bf5 (webtiles) character file.

281 dvd the Chiller (level 6, -1/36 HPs)
             Began as an Octopode Ice Elementalist on Jan 10, 2016.
             Slain by an ice beast (11 damage)
             ... on level 3 of the Dungeon.
             The game lasted 00:13:57 (4870 turns).

dvd the Chiller (Octopode Ice Elementalist)         Turns: 4870, Time: 00:13:57

Health: -1/36      AC:  1    Str:  8    XL:     6   Next: 27%
Magic:  11/11      EV: 13    Int: 19    God:
Gold:   81         SH:  0    Dex: 12    Spells: 4 memorised, 2 levels left

rFire  . . .     SeeInvis .     p - +2 falchion (slice)
rCold  . . .     Gourm    .     (no shield)
rNeg   . . .     Faith    .     (helmet restricted)
rPois  .         Spirit   .     (no amulet)
rElec  .         Dismiss  .     (no ring)
rCorr  .         Reflect  .     (no ring)
SustAt .         Harm     .     (no ring)
MR     .....                    (no ring)
Stlth  ++++......               (no ring)
                                (no ring)
                                (no ring)
                                (no ring)

@: not resistant to hostile enchantments, stealthy
A: almost no armour, amphibious, 8 rings, constrict 8, camouflage 1, gelatinous
body 1
a: no special abilities


You were on level 3 of the Dungeon.
You were not hungry.

You visited 1 branch of the dungeon, and saw 4 of its levels.

You collected 81 gold pieces.

Inventory:

Hand Weapons
 c - a +0 dagger
 l - a +0 short sword
 m - a cursed -2 hunting sling
 p - a +2 falchion of slicing (weapon)
 s - a +2 dagger of draining
Scrolls
 d - 4 scrolls of remove curse {unknown}
 e - 2 scrolls of identify {unknown}
 f - a scroll of teleportation {unknown}
 h - a scroll of magic mapping {unknown}
 j - 2 scrolls of recharging {unknown}
 k - 3 scrolls of amnesia {unknown}
 o - a scroll of noise {unknown}
Potions
 i - a potion of brilliance {unknown}
 q - a potion of flight {unknown}
 t - a potion of magic {unknown}
Books
 a - a book of Frost

   Spells                             Type                      Level
   a - Freeze                         Ice                          1
   b - Throw Frost                    Conjuration/Ice              2
   c - Ozocubu's Armour               Charms/Ice                   3
   d - Throw Icicle                   Conjuration/Ice              4
   e - Summon Ice Beast               Ice/Summoning                4
   f - Condensation Shield            Ice                          4
Comestibles
 b - 4 bread rations
 n - a beef jerky
 r - a slice of pizza


   Skills:
 + Level 0.2 Fighting
 + Level 0.4 Short Blades
 + Level 0.2(0.3) Long Blades
 + Level 3.0 Dodging
 + Level 4.0 Stealth
 + Level 0.2 Unarmed Combat
 * Level 3.6 Spellcasting
 + Level 1.8 Conjurations
 * Level 4.4 Ice Magic


You had 2 spell levels left.
You knew the following spells:

 Your Spells              Type           Power        Failure   Level  Hunger
a - Freeze                Ice            ###.         2%          1    None
b - Throw Frost           Conj/Ice       ###...       8%          2    ##.....
c - Ozocubu's Armour      Chrm/Ice       ##......     17%         3    ###....
d - Condensation Shield   Ice            ###.......   28%         4    ####...


Dungeon Overview and Level Annotations

Branches:
Dungeon (4/15)
 Temple: D:4-7

Altars:
Okawaru
Yredelemnul


Innate Abilities, Weirdness & Mutations

You cannot wear most types of armour.
You are amphibious.
You can wear up to eight rings at the same time.
You can use your tentacles to constrict eight enemies at once.
Your skin changes colour to match your surroundings (Stealth).
Your rubbery body absorbs attacks (AC +1).


Message History

The helpless ice beast fails to defend itself.
You hit the ice beast.
The ice beast is lightly wounded.
The ice beast hits you. The ice beast freezes you!
You hit the ice beast.
The ice beast is moderately wounded.
The ice beast misses you. The ice beast hits you. The ice beast freezes you!
You see here 22 bolts.
The ice beast barely misses you.
There is a stone staircase leading down here.
You see here a leather armour.
There is a stone staircase leading up here.
The ice beast hits you. The ice beast freezes you.
You climb upwards.
A jackal comes into view.
There is a stone staircase leading down here.
The ice beast hits you.
* * * LOW HITPOINT WARNING * * *
The ice beast freezes you!
You die...

#.................
#.###.######......
#h# #.# #######
##'###.# #...##.#
#...##.# #...##.#
#...##.#
#.@....############
#.>Y.............##
#......#########.##
##.....#########..#
#............###.#
#............# #.#
######............#
#..
#.)....###........#
##. #.######
#......### #.


You could see an ice beast and a jackal (wandering).

Vanquished Creatures
  2 orc priests (D:3)
  An iguana (D:4)
  An orc wizard (D:4)
  A worker ant (D:4)
  Robin (D:2)
  4 adders
  An ooze (D:2)
  2 worms
  A giant gecko (D:3)
  14 orcs
  3 giant cockroaches
  14 goblins
  8 hobgoblins
  2 quokkas (D:3)
  6 bats
  4 giant newts
  7 kobolds
  7 rats
79 creatures vanquished.

Notes
Turn   | Place    | Note
--------------------------------------------------------------
     0 | D:1      | dvd the Octopode Ice Elementalist began the quest for the Orb.
     0 | D:1      | Reached XP level 1. HP: 11/11 MP: 3/3
   355 | D:1      | Reached XP level 2. HP: 17/17 MP: 3/5
   414 | D:1      | Learned a level 2 spell: Throw Frost
  1242 | D:2      | Reached XP level 3. HP: 9/21 MP: 0/6
  1303 | D:2      | Learned a level 3 spell: Ozocubu's Armour
  1526 | D:2      | Found an iron altar of Okawaru.
  1526 | D:2      | Found a basalt altar of Yredelemnul.
  2056 | D:2      | Noticed Robin
  2079 | D:2      | Reached XP level 4. HP: 15/27 MP: 4/8
  2519 | D:2      | Killed Robin
  3455 | D:3      | Reached skill level 4 in Ice Magic
  3455 | D:3      | Reached XP level 5. HP: 21/31 MP: 1/9
  4272 | D:4      | Reached XP level 6. HP: 24/36 MP: 1/11
  4279 | D:4      | Learned a level 4 spell: Condensation Shield
  4786 | D:4      | Noticed an ice beast
  4870 | D:3      | Slain by an ice beast

Vault maps used:
D:1:      dpeg_arrival_tiny_a
D:2:      gammafunk_temple_overflow_pools, uniq_robin
D:4:      tso_oasis_becter, first_bread

Action                   |  1- 3 |  4- 6 || total
-------------------------+-------+-------++-------
Melee: Dagger            |    54 |    19 ||    73
       Unarmed           |     2 |       ||     2
       Short sword       |       |    24 ||    24
       Falchion          |       |    18 ||    18
 Cast: Freeze            |    20 |    29 ||    49
       Throw Frost       |     5 |    18 ||    23
       Ozocubu's Armour  |     2 |    11 ||    13
  Use: Potion            |       |     1 ||     1
 Stab: Sleeping          |     5 |     3 ||     8
  Eat: Chunk             |     4 |    11 ||    15
